 Dungeon Crawl Stone Soup version 0.28.0-53-g5a82cb258f (webtiles) character file.

Game seed: 13385138810184256243

73 Holzbalken the Chopper (level 4, -3/35 HPs)
             Began as a Formicid Fighter on June 1, 2022.
             Killed by nerve-wracking pain
             ... invoked by Grinder
              (7 damage)
             ... on level 3 of the Dungeon.
             The game lasted 00:04:19 (2359 turns).

Holzbalken the Chopper (Formicid Fighter)           Turns: 2359, Time: 00:04:19

Health: -3/35      AC:  8    Str: 22    XL:     4   Next: 51%
Magic:  4/4        EV:  9    Int:  8    God:
Gold:   25         SH:  4    Dex: 10    Spells: 3/3 levels left

rFire   . . .      SeeInvis +   a - +0 war axe
rCold   . . .      Faith    .   c - +0 buckler
rNeg    . . .      Spirit   .   b - +0 scale mail
rPois   .          Reflect  .   (helmet unavailable)
rElec   .          Harm     .   (no cloak)
rCorr   .          Rampage  .   (no gloves)
Will    .....                   i - +0 pair of boots
Stlth   ..........              (no amulet)
HPRegen 0.11/turn               (no ring)
MPRegen 0.09/turn               (no ring)

@: no status effects
A: permanent stasis, dig shafts and tunnels, antennae 3, four strong arms
a: Dig, Shaft Self


You were on level 3 of the Dungeon.
You visited 1 branch of the dungeon, and saw 3 of its levels.

You collected 25 gold pieces.

Inventory:

Hand Weapons
 a - a +0 war axe (weapon)
Armour
 b - a +0 scale mail (worn)
 c - a +0 buckler (worn)
 i - a +0 pair of boots (worn)
Scrolls
 f - a scroll of torment {unknown}
 h - 2 scrolls of teleportation {unknown}
 j - 2 scrolls of vulnerability {unknown}
 k - a scroll of fog {unknown}
 l - a scroll of identify {unknown}
 m - a scroll of magic mapping {unknown}
 n - 3 scrolls of noise {unknown}
 o - a scroll of amnesia {unknown}
 r - a scroll of immolation {unknown}
Potions
 d - a potion of might
 e - a potion of curing {unknown}
 g - a potion of mutation {unknown}
 p - a potion of degeneration {unknown}
 q - a potion of heal wounds {unknown}


   Skills:
 - Level 3.2 Fighting
 + Level 4.4 Axes
 - Level 3.2 Armour
 - Level 3.6 Shields


You had 3 spell levels left.
You didn't know any spells.
Your spell library contained the following spells:

 Spells                   Type           Power      Damage    Failure   Level
 Ensorcelled Hibernation  Hex/Ice        0%         N/A       91%         2
 Passwall                 Tmut/Erth      0%         N/A       91%         2
 Sublimation of Blood     Necr           0%         N/A       91%         2
 Wereblood                Tmut           0%         N/A       91%         2
 Summon Hydra             Summ           0%         N/A       100%        7
 Swiftness                Air            Unusable   N/A       N/A         3

Dungeon Overview and Level Annotations

Branches:
Dungeon (3/15)

Altars:

Shops:
D:3 ?

Annotations:
D:3 Grinder


Innate Abilities, Weirdness & Mutations

You cannot be hasted, slowed, berserked, paralysed or teleported.
You can dig through walls and to a lower floor.
You have a pair of large antennae on your head. (SInv)
Your four strong arms can wield two-handed weapons with a shield.


Message History

You slash the kobold!
You kill the kobold!
Things that are here:
a +0 short sword; a +0 morningstar
Things that are here:
a +0 short sword; a +0 morningstar HP restored.
Things that are here:
a +0 short sword; a +0 morningstar Grinder comes into view.
Found a runed dagger.
Grinder shouts!
Grinder moves out of view.
Found a stone staircase leading down.
Grinder gestures at you.
Your stasis prevents you from being paralysed.
Found a stone staircase leading down.
Grinder gestures at you. You resist with significant effort.
You block Grinder's attack.
You closely miss Grinder. Grinder hits you!
You writhe in agony.
Grinder blinks!
Found a long sword.
Grinder hits you.
You writhe in agony.
You see here a +0 dagger of venom.
You hit Grinder but do no damage. Grinder closely misses you.
Grinder misses you.
You hit Grinder.
Grinder is lightly wounded.
Grinder gestures at you. Pain shoots through your body!
* * * LOW HITPOINT WARNING * * *
You barely miss Grinder.
Grinder is lightly wounded.
Grinder blinks!
Grinder blinks!
Found a stone staircase leading up.
Grinder gestures at you. Pain shoots through your body!
You die...

##.## #.# #.# ...
#.## # #.# #..#..
#.# #.##.#.# #.# #.
#.#.# #.#
#.##.#.####
..#####.#
#..........
.......@##
##.........
..####...####
##.).#####
......#..5.####>..#
#.<
####.###..........#
#.# ...
#....#####.># #..
#<##...##.#
##..##### #. ##.#
... ...)#... # #.
#..#####..##.## ..
.... ....###.#


You could see Grinder.

Vanquished Creatures
  3 adders (D:2)
  2 bats
  7 endoplasms
  7 goblins (D:2)
  5 hobgoblins
  3 kobolds
  2 quokkas
  8 ball pythons
  4 frilled lizards
  2 rats (D:2)
43 creatures vanquished.

Notes
Turn   | Place    | Note
-------+----------+-------------------------------------------
     0 | D:1      | Holzbalken the Formicid Fighter began the quest for the
                  | Orb.
     0 | D:1      | Reached XP level 1. HP: 18/18 MP: 1/1
   457 | D:1      | Reached XP level 2. HP: 24/24 MP: 2/2
   631 | D:1      | Reached skill level 3 in Axes
  1141 | D:2      | Reached XP level 3. HP: 26/29 MP: 3/3
  1724 | D:2      | Reached skill level 4 in Axes
  1724 | D:2      | Reached XP level 4. HP: 35/35 MP: 4/4
  1842 | D:2      | Found a faded altar of an unknown god.
  1842 | D:2      | Noticed a blizzard demon
  1983 | D:3      | Found Gaote's Magic Scroll Boutique.
  2337 | D:3      | Noticed Grinder
  2359 | D:3      | Killed from afar by Grinder

Illustrated notes

Levels and vault maps discovered:
D:1:      ncdulo_watergridlock, layout_loops_corners, minmay_3d_cube
D:2:      kennysheep_the_goblin_king, layout_rooms, serial_curves,
          eino_curves_03, eino_curves_02, eino_curves_01, eino_curves_01,
          dreamdust_ecumenical_altar_sealed_demon
D:3:      layout_loops_ring, minitemple, serial_shops, nicolae_shop_stone,
          kennysheep_generic_room_5, uniq_grinder

Skill      XL: |  1  2  3 |
---------------+----------+-----
Axes           | 3 4 |  4.4
Fighting       | |  3.2
Armour         | |  3.2
Shields        | |  3.6

Action                   |  1- 3 |  4- 6 || total
-------------------------+-------+-------++-------
Melee: War axe           |    90 |    37 ||   127
Armor: Scale mail        |    40 |    22 ||    62
Dodge: Dodged            |    48 |    19 ||    67
Block: Buckler           |    24 |     7 ||    31
